 Dungeon Crawl Stone Soup version 0.15.0-13-gb296d5c (console) character file.

164 gw the Chucker (level 5, 0/46 HPs)
             Began as a Minotaur Hunter on Sept 3, 2014.
             Killed from afar by an orc wizard (8 damage)
             ... with a puff of flame
             ... on Level 4 of the Dungeon.
             The game lasted 00:00:47 (2624 turns).

gw the Chucker (Minotaur Hunter)                    Turns: 2624, Time: 00:00:47

HP   0/46        AC  7     Str 22      XL: 5   Next: 21%
MP   2/2         EV 11     Int  8      God:
Gold 0           SH  0     Dex 11      Spells:  0 memorised,  4 levels left

rFire  . . .     SeeInvis .     s - +0 mace
rCold  . . .     Clarity  .     h - +0 scale mail
rNeg   . . .     rCorr    .     (no shield)
rPois  .         rRot     .     (helmet restricted)
rElec  .         Spirit   .     k - +0 cloak
SustAb .         Warding  .     (no gloves)
rMut   .         Stasis   .     (no boots)
Gourm  .                        (no amulet)
MR     .....                    (no ring)
                                n - +2 ring of evasion

@: mighty, lethally poisoned, not resistant to hostile enchantments, extremely
unstealthy
A: retaliatory headbutt, horns 2
a: no special abilities


You were on level 4 of the Dungeon.
You were not hungry.

You visited 1 branch of the dungeon, and saw 4 of its levels.

Inventory:

Hand weapons
 s - a +0 mace (weapon)
Missiles
 c - 2 throwing nets
 i - 76 stones
 p - a javelin (quivered)
Armour
 h - a +0 scale mail (worn)
 k - a +0 cloak (worn)
Magical devices
 a - a wand of polymorph (13)
Comestibles
 f - a bread ration
 m - a beef jerky
 r - 3 meat rations
Scrolls
 j - a scroll of fog
Jewellery
 n - a +2 ring of evasion (left hand)
Potions
 l - a potion of restore abilities


   Skills:
 + Level 3.7 Fighting
   Level 1.1 Short Blades
 + Level 1.4 Maces & Flails
 * Level 5.3 Throwing
 + Level 2.5 Armour
 - Level 2.1 Dodging
 - Level 0.7 Stealth


You had 4 spell levels left.
You didn't know any spells.

Dungeon Overview and Level Annotations

Branches:
Dungeon (4/15)
 Temple: D:4-7

Altars:


Innate Abilities, Weirdness & Mutations

You reflexively headbutt those who attack you in melee.
You have a pair of horns on your head.


Message History

ATTACKING (0,1)
You completely miss the orc. You headbutt the orc.
You kill the orc!
The hound bites you.
The orc wizard hits you with a runed dagger.
You are lethally poisoned!
An orc comes into view. It is wielding a runed flail.
ATTACKING (-1,0)
You hit the hound. You headbutt the hound.
The hound is severely wounded.
You feel sick. The hound bites you but does no damage.
The orc wizard closely misses you. You furiously retaliate!
You headbutt the orc wizard! The hound bites you but does no damage.
ATTACKING (-1,0)
You sock the hound!
You kill the hound!
You have reached level 5!
The orc wizard points at you and mumbles some strange words.
The puff of flame hits you!
You die...

#........<.....#.........
##....#.#'######..........
#.. #.#.# #..........
.......h.#+# #..........
...........#####...........
<........o.................
.............o.............
....#.........).(........
...#####.....H.......... ..
........)o.......##
........(.......#
......(.(...#..#
......##....... .....
#...... ..## ..... . .... .


You could see 2 orc wizards and an orc.

Table legend:
 A = Turns spent in this place as a percentage of turns spent in the entire game.
 B = Non-inter-level travel turns spent in this place as a percentage of non-inter-level travel turns spent in the entire game.
 C = Inter-level travel turns spent in this place as a percentage of turns spent in this place.
 D = Turns resting spent in this place as a percentage of non-inter-level travel turns spent in this place.
 E = Turns spent auto-exploring this place as a percentage of non-inter-level travel turns spent in this place.
 F = Non-inter-level travel turns spent in this place divided by the number of levels of this place that you've seen.
                   A       B       C       D       E      F
               +-------+-------+-------+-------+-------+----------------------
         Total | 100.0 | 100.0 |   2.3 |   3.6 |  28.5 |  97.5
       Dungeon | 100.0 | 100.0 |   2.3 |   3.6 |  28.5 |  97.5
               +-------+-------+-------+-------+-------+----------------------

Table legend:
 A = Kills in this place as a percentage of kills in entire the game.
 B = Kills by you in this place as a percentage of kills by you in the entire game.
 C = Kills by friends in this place as a percentage of kills by friends in the entire game.
 D = Other kills in this place as a percentage of other kills in the entire game.
 E = Experience gained in this place as a percentage of experience gained in the entire game.
 F = Experience gained in this place divided by the number of levels of this place that you have seen.
                   A       B       C       D       E      F
               +-------+-------+-------+-------+-------+----------------------
         Total | 100.0 | 100.0 |  -nan |  -nan | 100.0 |  58.8
       Dungeon | 100.0 | 100.0 |  -nan |  -nan | 100.0 |  58.8
               +-------+-------+-------+-------+-------+----------------------

Vanquished Creatures
  2 hounds (D:4)
  A gnoll (D:1)
  5 adders
  A worm (D:3)
  A giant gecko (D:1)
  3 orcs (D:4)
  3 giant cockroaches
  2 goblins (D:1)
  8 hobgoblins
  5 kobolds
  A quokka (D:3)
  A ball python (D:1)
  4 bats
  5 giant newts
  A rat (D:1)
43 creatures vanquished.

Notes
Turn   | Place    | Note
--------------------------------------------------------------
     0 | D:1      | gw, the Minotaur Hunter, began the quest for the Orb.
     0 | D:1      | Reached XP level 1. HP: 18/18 MP: 1/1
   418 | D:1      | Reached XP level 2. HP: 2/25 MP: 1/1
  1480 | D:2      | Reached skill level 1 in Armour
  1480 | D:2      | Reached XP level 3. HP: 31/31 MP: 2/2
  1739 | D:2      | Reached XP level 4. HP: 38/38 MP: 2/2
  1949 | D:3      | Reached skill level 5 in Throwing
  2609 | D:4      | Reached skill level 1 in Maces & Flails
  2624 | D:4      | Reached XP level 5. HP: 8/46 MP: 2/2
  2624 | D:4      | Killed from afar by an orc wizard

Action                   |  1- 3 |  4- 6 || total
-------------------------+-------+-------++-------
Melee: Short sword       |    24 |       ||    24
       Mace              |     2 |    24 ||    26
Throw: Javelin           |    39 |     7 ||    46
       Stone             |     4 |    14 ||    18
Evoke: Wand              |       |     1 ||     1
  Use: Potion            |     4 |     3 ||     7
       Scroll            |     3 |     4 ||     7
  Eat: Chunk             |     1 |       ||     1
       Bread ration      |       |     1 ||     1
       Royal jelly       |       |     1 ||     1

Vault maps used:
D:1:      erik_arrival_cave_to_civilisation
